 Dungeon Crawl Stone Soup version 0.23-a0-470-g6f7cfd9 (webtiles) character file.

8696 theanonym the Basher (level 11, -1/90 HPs)
             Began as a Mummy Warper on Nov 26, 2018.
             Was an Elder of Trog.
             Slain by a cyclops (30 damage)
             ... on level 11 of the Dungeon.
             The game lasted 00:18:50 (12930 turns).

theanonym the Basher (Mummy Warper)                Turns: 12930, Time: 00:18:51

Health: -1/90      AC: 11    Str: 18    XL:     11   Next: 13%
Magic:  15/15      EV:  5    Int: 13    God:    Trog [****..]
Gold:   648        SH:  4    Dex: 17    Spells: 15/15 levels left

rFire    x . .     SeeInvis .   i - +2 flail (drain)
rCold    + . .     Gourm    .   u - +0 buckler
rNeg     + + +     Faith    .   s - +0 plate armour (curse)
rPois    ∞         Spirit   .   (no helmet)
rElec    .         Reflect  .   (no cloak)
rCorr    .         Harm     .   (no gloves)
MR       +....                  (no boots)
Stlth    ..........             e - amulet of regeneration
HPRegen  0.65/turn              a - +1 ring of protection
MPRegen  0.14/turn              d - +6 ring of dexterity

@: no status effects
A: no food or potions, fire vulnerability, cold resistance 1, negative energy
resistance 3, torment resistance, unbreathing
a: Trog's Hand, Brothers in Arms, Renounce Religion


Innate Abilities, Weirdness & Mutations

You do not eat or drink.
Your flesh is vulnerable to fire.
You are immune to poison.
Your flesh is cold resistant. (rC+)
You are immune to negative energy. (rN+++)
You are immune to unholy pain and torment.
You can survive without breathing.


   Skills:
 + Level 10.1 Fighting
 * Level 11.8 Maces & Flails
 - Level 0.7 Throwing
 + Level 1.3 Armour
 - Level 1.5 Dodging
 + Level 0.9 Shields
 - Level 2.6 Spellcasting
   Level 2.4 Translocations


You had 15 spell levels left.
You didn't know any spells.
Your spell library contained the following spells:

 Spells                   Type           Power        Failure   Level  Hunger
 Blink                    Tloc           N/A          100%        2    N/A
 Shroud of Golubria       Chrm/Tloc      #.........   100%        2    N/A
 Gell's Gravitas          Tloc           #.........   100%        3    N/A
 Lesser Beckoning         Tloc           #.........   100%        3    N/A
 Teleport Other           Tloc           #.......     100%        3    N/A
 Passage of Golubria      Tloc           N/A          100%        4    N/A

Skill      XL: |  1  2  3  4  5  6  7  8  9 10 11 |
---------------+----------------------------------+-----
Maces & Flails | 2 3 4 5 6 8 10 11 | 11.8
Fighting       | 3 4 5 7 8 10 | 10.1
Armour         | 1 |  1.3
Throwing       | |  0.7
Dodging        | |  1.5
Shields        | |  0.9
Spellcasting   | |  2.6
Translocations | |  2.4

Action                   |  1- 3 |  4- 6 |  7- 9 | 10-12 || total
-------------------------+-------+-------+-------+-------++-------
Melee: Mace              |   149 |   124 |       |       ||   273
       Flail             |       |   125 |   445 |   382 ||   952
Throw: Tomahawk          |     1 |     4 |       |       ||     5
       Throwing net      |       |       |     5 |       ||     5
Invok: Trog's Hand       |       |       |     1 |     5 ||     6
Evoke: Wand              |       |       |    19 |     1 ||    20
  Use: Scroll            |       |     8 |     3 |     6 ||    17
Armor: Leather armour    |    64 |    70 |       |       ||   134
       Ring mail         |       |    14 |       |       ||    14
       Chain mail        |       |     1 |   109 |       ||   110
       Plate armour      |       |       |   250 |   327 ||   577
Dodge: Dodged            |   134 |   194 |   105 |   122 ||   555
Block: Buckler           |       |       |       |     6 ||     6

Inventory:

Hand Weapons
 i - a +2 flail of draining (weapon)
   (You took it off Edmund on level 4 of the Dungeon)
Armour
 s - a cursed +0 plate armour (worn)
   (You took it off an orc warrior on level 6 of the Dungeon)
 u - a +0 buckler (worn)
   (You found it on level 11 of the Dungeon)
Jewellery
 a - a +1 ring of protection (left hand)
   (You found it on level 7 of the Dungeon)
 d - a +6 ring of dexterity (right hand)
   (You found it on level 7 of the Dungeon)
 e - an amulet of regeneration (around neck)
   (You found it on level 3 of the Dungeon)
 j - an uncursed ring of magical power
   (You found it on level 2 of the Dungeon)
 l - an uncursed ring of resist corrosion
   (You found it on level 2 of the Dungeon)
Wands
 o - a wand of iceblast (6)
   (You found it on level 9 of the Dungeon)
 q - a wand of flame (1)
   (You found it on level 6 of the Dungeon)
Scrolls
 b - 2 scrolls of enchant armour
 c - a scroll of fear
 f - 2 scrolls of fog
 g - 3 scrolls of summoning
 h - 5 scrolls of enchant weapon
 k - 2 scrolls of silence
 m - 3 scrolls of immolation
 n - 5 scrolls of remove curse
 p - 3 scrolls of torment
 r - 4 scrolls of identify
 t - 4 scrolls of teleportation {!r}
 y - 2 scrolls of magic mapping
 B - 2 scrolls of blinking


You were on level 11 of the Dungeon.
You worshipped Trog.
Trog was greatly pleased with you.
You were not hungry.

You visited 1 branch of the dungeon, and saw 11 of its levels.

You collected 648 gold pieces.

Dungeon Overview and Level Annotations

Branches:
Dungeon (11/15)            Temple (0/1) D:4            Lair (0/6) D:11
    Orc (0/2) D:9

Altars:
Dithmenos
Elyvilon
Fedhas
Nemelex Xobeh
Okawaru
Ru
Trog
Uskayaw
Vehumet
Wu Jian
Xom
Yredelemnul
Zin

Shops:
D:9

} .........#######
########## # ######
.....# .....#####
########## .....#...#
#....[...+
##.###...####........#
...........()(..@....#
##.##########....C...#
#.######## #........#
#........# ########.#
##.######.# # .....#
##[#.# #.#.# #.#.#
##...


You could see a cyclops.

Notes
Turn   | Place    | Note
-------+----------+-------------------------------------------
     0 | D:1      | theanonym the Mummy Warper began the quest for the Orb.
     0 | D:1      | Reached XP level 1. HP: 16/16 MP: 4/4
    77 | D:1      | HP: 6/16 [goblin (3)]
   285 | D:1      | Reached skill level 2 in Maces & Flails
   305 | D:1      | Reached XP level 2. HP: 17/22 MP: 5/5
   621 | D:1      | Reached XP level 3. HP: 18/28 MP: 7/7
  1361 | D:2      | Found a bloodstained altar of Trog.
  1374 | D:2      | Became a worshipper of Trog the Wrathful
  1467 | D:2      | HP: 13/28 [adder (4)]
  1677 | D:2      | Noticed Natasha
  1681 | D:2      | HP: 14/28 [Natasha (7)]
  1690 | D:2      | HP: 8/28 [Natasha/magic dart (7)]
  1916 | D:2      | Reached skill level 3 in Maces & Flails
  1917 | D:2      | HP: 14/28 [jackal (2)]
  1922 | D:1      | HP: 8/28 [jackal (1)]
  1923 | D:1      | HP: 3/28 [jackal (1)]
  1929 | D:1      | HP: 3/28 [bat (1)]
  1934 | D:1      | HP: 2/28 [jackal (1)]
  2261 | D:2      | Found a hide-covered altar of Uskayaw.
  2266 | D:2      | Reached XP level 4. HP: 30/34 MP: 8/8
  2312 | D:2      | Reached skill level 3 in Fighting
  2632 | D:2      | Found a hide-covered altar of Uskayaw.
  2712 | D:2      | HP: 15/35 [Natasha (3)]
  2716 | D:2      | HP: 7/35 [Natasha (1)]
  2718 | D:2      | Killed Natasha
  3045 | D:2      | Noticed Natasha
  3052 | D:2      | HP: 11/35 [Natasha (12)]
  3053 | D:2      | HP: 3/35 [Natasha/magic dart (8)]
  3054 | D:2      | Killed Natasha
  3054 | D:2      | Reached XP level 5. HP: 3/41 MP: 9/9
  3390 | D:2      | Found a bloodstained altar of Trog.
  3446 | D:2      | Noticed Natasha
  3456 | D:2      | HP: 17/41 [Natasha (6)]
  3459 | D:2      | Killed Natasha
  3920 | D:3      | Reached skill level 4 in Maces & Flails
  4488 | D:3      | Reached * piety under Trog
  4763 | D:4      | HP: 17/42 [worker ant (6)]
  4770 | D:4      | HP: 12/42 [worker ant (2)]
  4833 | D:4      | Found a staircase to the Ecumenical Temple.
  4854 | D:4      | HP: 16/42 [iguana (8)]
  4912 | D:4      | Reached XP level 6. HP: 42/48 MP: 10/10
  4944 | D:4      | Reached skill level 4 in Fighting
  5217 | D:4      | Noticed Edmund
  5235 | D:4      | HP: 18/48 [Edmund/+2 flail of draining (9)]
  5236 | D:4      | Killed Edmund
  5236 | D:4      | Reached skill level 5 in Maces & Flails
  5505 | D:4      | HP: 20/49 [ogre/+0 giant club (10)]
  5507 | D:4      | Reached XP level 7. HP: 23/55 MP: 11/11
  5886 | D:4      | Reached skill level 5 in Fighting
  5886 | D:4      | Reached skill level 6 in Maces & Flails
  5890 | D:4      | Reached ** piety under Trog
  6031 | D:5      | Entered Level 5 of the Dungeon
  6209 | D:5      | Reached XP level 8. HP: 39/63 MP: 12/12
  6385 | D:5      | Reached skill level 6 in Fighting
  6385 | D:5      | Reached skill level 7 in Maces & Flails
  6710 | D:6      | Found a transporter.
  6718 | D:6      | Found a transporter.
  6851 | D:6      | HP: 30/65 [centaur (7)]
  6922 | D:6      | Noticed Menkaure
  6927 | D:6      | Killed Menkaure
  6957 | D:6      | Reached skill level 8 in Maces & Flails
  7031 | D:6      | Reached *** piety under Trog
  7096 | D:6      | Reached skill level 7 in Fighting
  7154 | D:6      | Reached XP level 9. HP: 71/72 MP: 13/13
  7175 | D:6      | Found an iron altar of Okawaru.
  7595 | D:7      | HP: 34/72 [spriggan baker/+0 dagger (6)]
  7648 | D:7      | HP: 35/72 [ogre/+0 giant spiked club (10)]
  7913 | D:7      | HP: 34/72 [something (4)]
  7918 | D:7      | HP: 23/72 [something (2)]
  7925 | D:7      | HP: 25/72 [something (2)]
  7930 | D:7      | HP: 23/72 [something (2)]
  8105 | D:7      | Reached skill level 9 in Maces & Flails
  8505 | D:7      | Found a sparkling altar of Nemelex Xobeh.
  8509 | D:7      | Found a sacrificial altar of Ru.
  8519 | D:7      | Found a white marble altar of Elyvilon.
  8521 | D:7      | Found a blossoming altar of Fedhas.
  8521 | D:7      | Found an ornate altar of the Wu Jian Council.
  8521 | D:7      | Found a shimmering altar of Xom.
  8522 | D:7      | Found a glowing silver altar of Zin.
  8523 | D:7      | Found a basalt altar of Yredelemnul.
  8525 | D:7      | Found a radiant altar of Vehumet.
  8526 | D:7      | Found a shadowy altar of Dithmenos.
  8608 | D:7      | Reached skill level 8 in Fighting
  8780 | D:7      | HP: 37/74 [something (1)]
  8787 | D:7      | HP: 37/74 [something (1)]
  8796 | D:7      | HP: 35/74 [something (1)]
  8798 | D:7      | Killed an unseen horror
  8881 | D:7      | Found a sparkling altar of Nemelex Xobeh.
  8883 | D:7      | Found a sacrificial altar of Ru.
  8885 | D:7      | Found a white marble altar of Elyvilon.
  8887 | D:7      | Found a blossoming altar of Fedhas.
  8887 | D:7      | Found an ornate altar of the Wu Jian Council.
  8887 | D:7      | Found a shimmering altar of Xom.
  8888 | D:7      | Found a glowing silver altar of Zin.
  8889 | D:7      | Found a basalt altar of Yredelemnul.
  8891 | D:7      | Found a radiant altar of Vehumet.
  8892 | D:7      | Found a shadowy altar of Dithmenos.
  9175 | D:8      | HP: 31/75 [electric eel/bolt of electricity (9)]
  9304 | D:8      | Reached skill level 10 in Maces & Flails
  9337 | D:8      | HP: 33/75 [centaur/arrow (8)]
  9342 | D:8      | HP: 31/75 [centaur (5)]
  9348 | D:8      | HP: 22/75 [centaur (4)]
  9353 | D:8      | Reached XP level 10. HP: 26/82 MP: 14/14
  9485 | D:8      | HP: 38/82 [killer bee (4)]
  9491 | D:8      | HP: 27/82 [killer bee (7)]
  9496 | D:8      | HP: 28/82 [killer bee (1)]
  9503 | D:8      | HP: 35/82 [killer bee (2)]
  9758 | D:8      | Reached **** piety under Trog
  9805 | D:8      | Reached skill level 9 in Fighting
 10844 | D:9      | Found Oqikupe's Gadget Emporium.
 10847 | D:9      | Found a staircase to the Orcish Mines.
 11371 | D:10     | Entered Level 10 of the Dungeon
 11482 | D:10     | Reached skill level 11 in Maces & Flails
 11634 | D:10     | Noticed Erica
 11698 | D:10     | Killed Erica
 11830 | D:10     | HP: 42/85 [wight/+0 spear of flaming (1)]
 11835 | D:10     | HP: 29/85 [wraith (1)]
 11841 | D:10     | HP: 26/85 [wraith (10)]
 11843 | D:10     | HP: 5/85 [wraith (10)]
 11862 | D:10     | HP: 42/85 [wight/+0 spear of flaming (1)]
 12161 | D:11     | Noticed a cyclops
 12162 | D:11     | HP: 39/85 [cyclops/large rock (46)]
 12340 | D:11     | Found a staircase to the Lair.
 12361 | D:11     | Reached skill level 10 in Fighting
 12366 | D:11     | HP: 40/85 [gnoll/+0 halberd (4)]
 12376 | D:11     | HP: 37/85 [gnoll/+0 halberd (6)]
 12382 | D:11     | HP: 40/85 [gnoll/+0 halberd (1)]
 12387 | D:11     | HP: 38/85 [gnoll/+0 halberd (2)]
 12388 | D:11     | Reached XP level 11. HP: 40/90 MP: 15/15
 12584 | D:11     | HP: 44/90 [orc/+0 war axe (8)]
 12595 | D:11     | HP: 42/90 [centaur warrior zombie (5)]
 12597 | D:11     | Reached skill level 1 in Armour
 12600 | D:11     | HP: 42/90 [orc/+0 war axe (2)]
 12800 | D:11     | HP: 44/90 [something (8)]
 12924 | D:11     | HP: 43/90 [cyclops (20)]
 12930 | D:11     | Slain by a cyclops

Vanquished Creatures
  Erica (D:10)
  An unseen horror (D:7)
  A hippogriff (D:9)
  A wraith (D:10)
  A spriggan (D:7)
  A vampire (D:11)
  2 hungry ghosts
  Edmund (D:4)
  Menkaure (D:6)
  3 wargs (D:11)
  A black bear (D:10)
  4 orc warriors
  2 ice beasts
  A hornet zombie (D:11)
  2 necrophages
  3 phantoms
  3 sky beasts
  6 centaurs
  10 ogres
  A big kobold (D:8)
  A gnoll sergeant (D:11)
  4 bullfrogs
  5 scorpions
  A water moccasin skeleton (D:7)
  6 killer bees (D:8)
  3 wights (D:9)
  4 howler monkeys
  4 electric eels
  5 crimson imps
  3 centaur zombies
  2 hounds
  4 jellies
  A quasit (D:3)
  7 orc priests
  2 centaur skeletons
  2 iguanas
  A gnoll shaman (D:7)
  Natasha (thrice) (D:2)
  5 orc wizards
  9 worker ants
  A hound skeleton (D:5)
  10 adders
  10 gnolls
  A shadow imp (D:6)
  4 oozes
  2 adder skeletons
  A dart slug (D:5)
  7 leopard geckos
  26 orcs
  9 bats
  9 giant cockroaches
  9 goblins
  7 hobgoblins
  21 jackals
  11 kobolds
  11 quokkas
  4 ball pythons
  2 frilled lizards (D:2)
  A giant cockroach zombie (D:5)
  A leopard gecko skeleton (D:4)
  6 rats
271 creatures vanquished.

Vanquished Creatures (others)
  An adder (D:8)
1 creature vanquished.

Grand Total: 272 creatures vanquished

Table legend:
 A = Turns spent in this place as a percentage of turns spent in the entire game.
 B = Non-inter-level travel turns spent in this place as a percentage of non-inter-level travel turns spent in the entire game.
 C = Inter-level travel turns spent in this place as a percentage of turns spent in this place.
 D = Turns resting spent in this place as a percentage of non-inter-level travel turns spent in this place.
 E = Turns spent auto-exploring this place as a percentage of non-inter-level travel turns spent in this place.
 F = Non-inter-level travel turns spent in this place divided by the number of levels of this place that you've seen.
                   A       B       C       D       E      F
               +-------+-------+-------+-------+-------+----------------------
         Total | 100.0 | 100.0 |   3.8 |  30.3 |  51.3 | 1131.4
       Dungeon | 100.0 | 100.0 |   3.8 |  30.3 |  51.3 | 1131.4
               +-------+-------+-------+-------+-------+----------------------
